 Dungeon Crawl Stone Soup version 0.23.2-40-g277498a001 (webtiles) character file.

Game seed: 6337958877012055267

256 EWolf27 the Cudgeler (level 6, -3/37 HPs)
             Began as a Gargoyle Fighter on Oct 2, 2019.
             Slain by an ogre
             ... wielding a +0 giant club
              (17 damage)
             ... on level 4 of the Dungeon on Oct 3, 2019.
             The game lasted 00:21:09 (4459 turns).

EWolf27 the Cudgeler (Gargoyle Fighter)             Turns: 4459, Time: 00:21:09

Health: -3/37      AC: 15    Str: 21    XL:     6   Next: 16%
Magic:  6/6        EV:  5    Int:  9    God:
Gold:   171        SH:  9    Dex:  9    Spells: 5/5 levels left

rFire    . . .     SeeInvis .   b - +2 flail (crush)
rCold    . . .     Gourm    .   c - +0 shield
rNeg     + . .     Faith    .   q - +0 chain mail
rPois    ∞         Spirit   .   (no helmet)
rElec    +         Reflect  .   (no cloak)
rCorr    .         Harm     .   (no gloves)
MR       .....                  m - +1 pair of boots
Stlth    ..........             (no amulet)
HPRegen  0.12/turn              (no ring)
MPRegen  0.10/turn              (no ring)

@: no status effects
A: negative energy resistance 1, electricity resistance, unbreathing,
petrification resistance, rot immunity, AC +4
a: no special abilities


You were on level 4 of the Dungeon.
You were hungry.

You visited 1 branch of the dungeon, and saw 4 of its levels.

You collected 171 gold pieces.

Inventory:

Hand Weapons
 a - a +0 morningstar
 b - a +2 flail of crushing (weapon)
Missiles
 e - 71 stones (quivered)
Armour
 c - a +0 shield (worn)
 m - a +1 pair of boots (worn)
 q - a +0 chain mail (worn)
Scrolls
 h - a scroll of random uselessness {unknown}
 i - 2 scrolls of identify {unknown}
 k - 2 scrolls of enchant weapon {unknown}
 l - a scroll of magic mapping {unknown}
 n - 4 scrolls of amnesia {unknown}
 o - 2 scrolls of teleportation {unknown}
 p - a scroll of fog {unknown}
 r - 2 scrolls of remove curse {unknown}
 t - a scroll of blinking {unknown}
Potions
 d - a potion of might
 g - a potion of lignification {unknown}
 j - 3 potions of curing {unknown}
 u - a potion of invisibility {unknown}
 w - a potion of haste {unknown}
Comestibles
 f - 7 rations


   Skills:
 + Level 3.5 Fighting
 * Level 5.1 Maces & Flails
 - Level 3.2 Armour
 + Level 4.9 Shields


You had 5 spell levels left.
You didn't know any spells.
Your spell library was empty.

Dungeon Overview and Level Annotations

Branches:
Dungeon (4/15)
 Temple: D:4-7

Altars:
Hepliaklqana


Innate Abilities, Weirdness & Mutations

You are resistant to torment.
Your stone body is resilient. (AC +4)
You are immune to poison.
You resist negative energy. (rN+)
You are resistant to electric shocks. (rElec)
You can survive without breathing.
You are immune to petrification.
You are immune to rotting.


Message History

HP restored.
Found 18 bolts.
An ogre comes into view. It is wielding a +0 giant club.
The ogre shouts!
You see here a ration.
f - 7 rations (gained 1)
You see here an orc corpse.
All of the chunks of flesh in your inventory have rotted away.
You are feeling hungry.
There is a stone staircase leading up here.
Your chain mail prevents you from hitting the ogre.
The ogre hits you but does no damage.
Your chain mail prevents you from hitting the ogre.
The ogre barely misses you.
You closely miss the ogre. The ogre hits you with a +0 giant club!
You hit the ogre.
The ogre is lightly wounded.
The ogre hits you with a +0 giant club! The ogre hits you with a +0 giant club!
You die...

#........^#.....# #...#...
#............#..## ##...##..
...........####..###...###..
........#..# ##.......##...
#....###.## ##............
#.......####.............
###...#..##.............. .
##..###.....##.......... #. #..##
#@O...##..........
#..##..####......##....#....
#..#....[........##..###.... ###
#..............#.....#.....
#..###..............##..........
#............##.....#..........
####..........###................
..<.........................#....
###.......................##.#...


You could see an ogre.

Vanquished Creatures
  A hound (D:4)
  2 orc priests (D:3)
  7 adders
  An ooze (D:2)
  3 worms
  4 dart slugs
  2 leopard geckos
  10 orcs
  A ball python (D:3)
  5 giant cockroaches
  4 goblins
  7 hobgoblins
  4 jackals (D:1)
  2 quokkas
  9 bats
  A frilled lizard (D:3)
  4 kobolds
  9 rats
76 creatures vanquished.

Notes
Turn   | Place    | Note
-------+----------+-------------------------------------------
     0 | D:1      | EWolf27 the Gargoyle Fighter began the quest for the Orb.
     0 | D:1      | Reached XP level 1. HP: 14/14 MP: 1/1
    53 | D:1      | Reached XP level 2. HP: 11/19 MP: 2/2
   701 | D:1      | Reached skill level 3 in Maces & Flails
   704 | D:1      | Reached XP level 3. HP: 18/23 MP: 3/3
  2071 | D:2      | Reached XP level 4. HP: 25/28 MP: 4/4
  3073 | D:3      | Found a hazy altar of Hepliaklqana.
  3139 | D:3      | Reached skill level 4 in Maces & Flails
  3215 | D:2      | Reached XP level 5. HP: 26/32 MP: 5/5
  4207 | D:4      | Reached skill level 5 in Maces & Flails
  4207 | D:4      | Reached XP level 6. HP: 37/37 MP: 6/6
  4459 | D:4      | Slain by an ogre

Skill      XL: |  1  2  3  4  5 |
---------------+----------------+-----
Maces & Flails | 3 4 5 |  5.1
Shields        | 4 |  4.9
Fighting       | |  3.5
Armour         | |  3.2

Action                   |  1- 3 |  4- 6 || total
-------------------------+-------+-------++-------
Melee: Flail             |   121 |    27 ||   148
       Morningstar       |       |   193 ||   193
Throw: Stone             |     2 |       ||     2
  Eat: Chunk             |     3 |     5 ||     8
       Ration            |       |     1 ||     1
Armor: Scale mail        |    67 |    50 ||   117
       Chain mail        |       |    92 ||    92
Dodge: Dodged            |    59 |    54 ||   113
Block: Shield            |    80 |   109 ||   189
